 Dungeon Sprint DCSS version 0.26-a0-658-gbdda728c12 (webtiles) character file.

Game seed: 9293160903643791470

34 mhtbhm the Skirmisher (level 3, 4/26 HPs)
             Began as a Kobold Berserker on Oct 5, 2020.
             Was a Priest of Trog.
             Quit the game in the Dungeon (Sprint IX: "|||||||||||||||||||||||||||||").
             The game lasted 00:00:36 (97 turns).

mhtbhm the Skirmisher (Kobold Berserker)              Turns: 97, Time: 00:00:36

Health: 4/26       AC:  2    Str: 15    XL:     3   Next: 50%
Magic:  3/3        EV: 16    Int:  8    God:    Trog [***...]
Gold:   0          SH:  0    Dex: 14    Spells: 2/2 levels left

rFire    . . .     SeeInvis .   a - +0 mace
rCold    . . .     Faith    .   (shield restricted)
rNeg     . . .     Spirit   .   b - +0 animal skin
rPois    .         Reflect  .   (no helmet)
rElec    .         Harm     .   (no cloak)
rCorr    .         Rampage  .   (no gloves)
MR       .....     NoTele   +   (no boots)
Stlth    ++........             (no amulet)
HPRegen  0.08/turn              (no ring)
MPRegen  0.08/turn              (no ring)

@: berserk cooldown
A: small, nightstalker 3
a: Berserk, Trog's Hand, Renounce Religion


You were in the Dungeon.
You worshipped Trog.
Trog was most pleased with you.
You visited 1 branch

Inventory:

Hand Weapons
 a - a +0 mace (weapon)
Armour
 b - a +0 animal skin (worn)
Scrolls
 h - a scroll of blinking
Potions
 c - a potion of curing
 e - a potion of haste
 f - 2 potions of magic
 g - a potion of berserk rage


   Skills:
 + Level 5.4 Fighting
 + Level 4.5 Maces & Flails
 + Level 2.2 Armour
 + Level 3.4 Dodging


You had 2 spell levels left.
You didn't know any spells.
Your spell library was empty.

Dungeon Overview and Level Annotations

Branches:
Dungeon (1/1)

Altars:


Innate Abilities, Weirdness & Mutations

You are small and have problems with some larger weapons.
You are completely attuned to the shadows.


Message History

You closely miss the phantom.
The phantom is moderately damaged.
The phantom closely misses you. The phantom hits you.
* * * LOW HITPOINT WARNING * * *
You closely miss the phantom.
The phantom is moderately damaged.
The phantom misses you.
You hit the phantom.
The phantom is moderately damaged.
You feel yourself speed up. The phantom closely misses you.
The phantom blinks!
The phantom blinks!
Things that are here:
a +0 club; a stone You closely miss the phantom.
The phantom is moderately damaged.
The phantom closely misses you.
Unknown command.
Okay, then.
Are you sure you want to abandon this character and quit the game? (Confirm with "yes".)

▓▓▓
▓<▓
▓.▓
▓.▓
▓.▓
▓'▓
▓†▓
▓W▓
▓@▓
▓.▓
▓.▓
▓'▓
▓[▓
▓.▓
▓.▓
▓.▓
▓.▓


You could see a phantom.

Vanquished Creatures
  An orc wizard (D)
  An orc (D)
  A jackal (D)
  A quokka (D)
  A bat (D)
  A frilled lizard (D)
  A jackal zombie (D)
  2 kobolds (D)
9 creatures vanquished.

Notes
Turn   | Place    | Note
-------+----------+-------------------------------------------
     0 | D        | mhtbhm the Kobold Berserker began the quest for the Orb.
     0 | D        | Reached XP level 1. HP: 14/14 MP: 1/1
     8 | D        | Reached ** piety under Trog
    14 | D        | Reached skill level 4 in Fighting
    55 | D        | Noticed an orc wizard
    58 | D        | Noticed a phantom
    58 | D        | Killed an orc wizard
    58 | D        | Reached *** piety under Trog
    58 | D        | Reached skill level 5 in Fighting
    58 | D        | Reached XP level 2. HP: 21/21 MP: 2/2
    58 | D        | Reached XP level 3. HP: 26/26 MP: 3/3
    97 | D        | Quit the game

Illustrated notes

Levels and vault maps discovered:
D:        linesprint [early_d, line_temple, items_1, d_10, items_2, lair_1,
          lair_end, items_3, orc_1, orc_end, items_4, d_15, swamp_1, shoals_1,
          snake_1, spider_1, d_20, vaults_1, items_5, swamp_end, shoals_end,
          snake_end, spider_end, vaults_end, d_27, items_6, zot_1, zot_end,
          crypt_end, forest_end, elf_end, slime_end, tomb_end, abyss_end,
          pan_hell_end]

Skill      XL: |  1 |
---------------+----+-----
Maces & Flails | 4 |  4.5
Fighting       | 5 |  5.4
Armour         | 2 |  2.2
Dodging        | 3 |  3.4

Action                   || total
-------------------------++-------
Melee: Mace              ||    32
Invok: Berserk           ||     2
  Use: Potion            ||     1
Armor: Animal skin       ||     1
Dodge: Dodged            ||    17

Table legend: (Time is in decaauts)
 A = Elapsed time spent in this place.
 B = Non-inter-level travel time spent in this place.
 C = Inter-level travel time spent in this place.
 D = Time resting spent in this place.
 E = Time spent auto-exploring this place.
 F = Levels seen in this place.
 G = Mean time per level.
                   A        B        C        D        E       F      G
               +--------+--------+--------+--------+--------+-----+--------+
         Total |    116 |    116 |      0 |     36 |      3 |   1 |  116.0 |
       Dungeon |    116 |    116 |      0 |     36 |      3 |   1 |  116.0 |
               +--------+--------+--------+--------+--------+-----+--------+

Top non-repeatable levels by time:
       D: 116 daAuts
